 Dungeon Crawl Stone Soup version 0.30-a0-691-g754fce4c43 (webtiles) character file.

Game seed: 11651887675590936300

450 CrazyBamboolord the Insei (level 7, -4/45 HPs)
             Began as an Octopode Transmuter on Jan 19, 2023.
             Slain by Sigmund
             ... wielding a +0 scythe
              (13 damage)
             ... on level 4 of the Dungeon.
             The game lasted 00:05:23 (3702 turns).

CrazyBamboolord the Insei (Octopode Transmuter)     Turns: 3702, Time: 00:05:23

Health: -4/45      AC:  1    Str:  9    XL:     7   Next: 4%
Magic:  12/12      EV: 15    Int: 18    God:
Gold:   247        SH:  0    Dex: 24    Spells: 7/13 levels left

rFire   . . .      SeeInvis .      - Unarmed
rCold   . . .      Faith    .    (no shield)
rNeg    . . .      Spirit   .    (helmet restricted)
rPois   .          Reflect  .    (no amulet)
rElec   .          Harm     .    h - +6 ring of dexterity
rCorr   .          Rampage  .    r - +6 ring of dexterity
Will    .....                    (no ring)
Stlth   +++                      (no ring)
HPRegen 0.27/turn                (no ring)
MPRegen 0.13/turn                (no ring)
                                 (no ring)
                                 (no ring)

@: about to teleport, attractive, studying Dodging
A: almost no armour, amphibious, 8 rings, camouflage 1, gelatinous body 1,
(nimble swimmer 1), tentacles
a: no special abilities


You were on level 4 of the Dungeon.
You visited 1 branch of the dungeon, and saw 4 of its levels.

You collected 247 gold pieces.

Inventory:

Jewellery
 h - a +6 ring of dexterity (left tentacle)
 r - a +6 ring of dexterity (right tentacle)
Wands
 q - a wand of charming (5)
Scrolls
 c - a scroll of silence
 f - 3 scrolls of teleportation
 g - a scroll of magic mapping {unknown}
 o - a scroll of enchant weapon {unknown}
 s - a scroll of fog {unknown}
 t - a scroll of torment {unknown}
 u - a scroll of enchant armour {unknown}
 v - a scroll of summoning {unknown}
Potions
 a - a potion of lignification
 b - 3 potions of mutation
 d - a potion of magic
 e - a potion of might {unknown}
 i - a potion of degeneration {unknown}
 j - a potion of curing
 k - a potion of attraction
 l - a potion of flight {unknown}
 m - a potion of invisibility {unknown}
 n - a potion of resistance {unknown}
 p - a potion of ambrosia {unknown}


   Skills:
 * Level 2.5 Fighting
 * Level 3.2 Dodging
 - Level 1.4 Stealth
 * Level 4.8 Unarmed Combat
 * Level 3.5 Spellcasting
 * Level 3.1 Transmutations
 * Level 2.2 Poison Magic


You had 7 spell levels left.
You knew the following spells:

 Your Spells              Type           Power      Damage    Failure   Level
a - Beastly Appendage     Tmut           28%        N/A       4%          1
b - Wereblood             Tmut           14%        N/A       6%          2
c - Spider Form           Tmut/Pois      12%        N/A       16%         3

Your spell library contained the following spells:

 Spells                   Type           Power      Damage    Failure   Level
 Passwall                 Tmut/Erth      6%         N/A       12%         2
 Sandblast                Erth           6%         2d5       16%         1
 Stone Arrow              Conj/Erth      6%         3d7       43%         3
 Ice Form                 Ice/Tmut       8%         N/A       63%         4


Dungeon Overview and Level Annotations

Branches:
Dungeon (4/15)
 Temple: D:4-7

Altars:

Shops:
D:1 [

Annotations:
D:4 Sigmund


Innate Abilities, Weirdness & Mutations

You cannot wear most types of armour.
You are amphibious.
You can wear up to eight rings at the same time.
Your skin changes colour to match your surroundings (Stealth+).
Your rubbery body absorbs attacks. (AC +1, EV +1)
((You are camouflaged when in or above water. (Stealth+)))
You have tentacles for arms and can constrict up to eight enemies at once.


Message History

You're too confused to move!
Something hits you. Something barely misses you.
Your transformation is almost over.
Something hits you!
You bump into the rock wall.
A gnoll bouda comes into view. It is wielding a +0 club.
Something hits you.
You closely miss something.
The gnoll bouda shouts!
Your squeeze misses something.
You hear a shout! x2
The gnoll bouda gazes fiercely through you!
You feel your attacks grow feeble.
You bump into the rock wall.
Something hits you.
You feel less confused.
You hear some strange, mumbled words.
A magic dart appears from out of thin air!
The magic dart hits you!
You miss something. Something hits you.
You barely miss something.
You pierce something.
Your squeeze misses something.
A gnoll comes into view. It is wielding a +0 club.
It was a potion of magic.
Magic courses through your body.
Your attacks no longer feel as feeble.
Something hits you.
It was a potion of curing.
You feel better.
A gnoll comes into view. It is wielding a +0 whip.
Something hits you.
It was a potion of attraction.
You feel attractive to monsters.
Your tentacle spike disappears.
The gnoll is attracted toward you.
As you read the scroll labelled LIKARI QESIECO, it crumbles to dust.
You feel strangely unstable.
It was a scroll of teleportation.
Something completely misses you. The gnoll hits you with a +0 club!
* * * LOW HITPOINT WARNING * * *
Something hits you.
* * * LOW HITPOINT WARNING * * *
Something is attracted toward you. The gnoll is attracted toward you.
Something is attracted toward you. The gnoll is attracted toward you.
Something hits you!
You die...

... #. #..## #.. .##... ##
.... #... .....# #.## #..
#.. ...........###. .
#.§#####...............
#..#...............##.....
#.....§...............#...
##..##§gg........#...###..
###.@.......#........
##.......##........
##.......#.........
#..................
#..................
###.....#........#.
#..#####.......#. ####
###..#..#. #..#....


You could see 2 gnolls.

Vanquished Creatures
  3 scorpions
  2 hounds
  An orc wizard (D:4)
  8 adders
  3 worms
  A dart slug (D:2)
  14 orcs
  8 ball pythons
  5 endoplasms
  8 giant cockroaches
  9 goblins
  3 hobgoblins
  6 jackals
  3 quokkas
  8 bats
  5 frilled lizards
  8 kobolds
  A rat (D:1)
96 creatures vanquished.

Vanquished Creatures (others)
  2 plants (D:1)
2 creatures vanquished.

Grand Total: 98 creatures vanquished

Notes
Turn   | Place    | Note
-------+----------+-------------------------------------------
     0 | D:1      | CrazyBamboolord the Octopode Transmuter began the quest for
                  | the Orb.
     0 | D:1      | Reached XP level 1. HP: 13/13 MP: 3/3
    49 | D:1      | Reached XP level 2. HP: 14/18 MP: 3/5
    60 | D:1      | Learned a level 2 spell: Wereblood
   174 | D:1      | Found Plog's Antique Armour Shoppe.
   413 | D:1      | Reached XP level 3. HP: 22/23 MP: 4/6
   478 | D:1      | Found a faded altar of an unknown god.
   862 | D:1      | Learned a level 3 spell: Spider Form
   961 | D:2      | Identified the +4 dagger of Ignis's Fury {venom, rF+ Int+4}
  1092 | D:2      | Reached XP level 4. HP: 29/29 MP: 5/7
  1190 | D:2      | Identified the +6 whip "Vuoren" {freeze, Drain rPois rCorr
                  | Str+4}
  1775 | D:2      | Reached skill level 1 in Poison Magic
  2321 | D:3      | Reached skill level 1 in Stealth
  2321 | D:3      | Reached skill level 4 in Unarmed Combat
  2321 | D:3      | Reached XP level 5. HP: 19/34 MP: 6/9
  2696 | D:3      | Reached XP level 6. HP: 39/39 MP: 8/10
  3544 | D:4      | Reached XP level 7. HP: 41/45 MP: 8/12
  3680 | D:4      | Noticed Sigmund
  3702 | D:4      | Slain by Sigmund

Illustrated notes

Levels and vault maps discovered:
D:1:      psy_arrival_terrarium, layout_loops_ring,
          ebering_ecumenical_altar_webs, serial_shops,
          nicolae_shop_advertising_works [nicolae_subvault_shop_adworks],
          amcnicky_mini_pool_small, serial_bayou_pond_b
D:2:      layout_basic, hangedman_abyss_or_decor_lesser_grid,
          minmay_splitting_lines
D:3:      layout_loops_corners
D:4:      layout_cave_pools, led_xom_imps, mainiacjoe_overflow_tiny_flanked,
          grunt_decor_clamped, uniq_sigmund, uniq_eustachio

Skill      XL: |  1  2  3  4  5  6 |
---------------+-------------------+-----
Poison Magic   | 1 2 |  2.2
Fighting       | 2 |  2.5
Stealth        | 1 |  1.4
Unarmed Combat | 4 |  4.8
Spellcasting   | 3 |  3.5
Transmutations | 3 |  3.1
Dodging        | 3 |  3.2

Action                   |  1- 3 |  4- 6 |  7- 9 || total
-------------------------+-------+-------+-------++-------
Melee: Unarmed           |    64 |   123 |    10 ||   197
       Constrict         |    18 |    40 |     2 ||    60
       Kick              |    17 |    44 |     2 ||    63
       Tentacles         |    10 |    29 |     1 ||    40
       Punch             |     2 |     2 |     2 ||     6
 Cast: Beastly Appendage |    20 |    33 |     2 ||    55
       Wereblood         |     1 |     4 |       ||     5
  Use: Scroll            |       |     2 |     1 ||     3
       Potion            |       |       |     3 ||     3
 Stab: Sleeping          |     2 |     6 |     2 ||    10
Armor: Skin              |     9 |     5 |     1 ||    15
Dodge: Dodged            |    48 |    66 |     3 ||   117

Table legend: (Time is in decaauts)
 A = Elapsed time spent in this place.
 B = Non-inter-level travel time spent in this place.
 C = Inter-level travel time spent in this place.
 D = Time resting spent in this place.
 E = Time spent auto-exploring this place.
 F = Levels seen in this place.
 G = Mean time per level.
                   A        B        C        D        E       F      G
               +--------+--------+--------+--------+--------+-----+--------+
         Total |   3686 |   3542 |    144 |      0 |   2978 |   4 |  921.5 |
       Dungeon |   3686 |   3542 |    144 |      0 |   2978 |   4 |  921.5 |
               +--------+--------+--------+--------+--------+-----+--------+

Top non-repeatable levels by time:
     D:3: 1251 daAuts
     D:2: 1153 daAuts
     D:1: 887 daAuts
     D:4: 394 daAuts
